 Dungeon Crawl Stone Soup version 0.28-a0-834-g1a73be5ee4 (webtiles) character file.

Game seed: 18524498973196898

7 flotson the Sneak (level 1, 0/18 HPs)
             Began as a Demonspawn Delver on Nov 12, 2021.
             Slain by a quokka (3 damage)
             ... on level 3 of the Dungeon.
             The game lasted 00:00:32 (91 turns).

flotson the Sneak (Demonspawn Delver)                 Turns: 91, Time: 00:00:32

Health: 0/18       AC:  3    Str: 12    XL:     1   Next: 91%
Magic:  1/1        EV: 12    Int: 11    God:
Gold:   0          SH:  0    Dex: 14    Spells: 0/0 levels left

rFire   . . .      SeeInvis .   a - +0 hand axe
rCold   . . .      Faith    .   (no shield)
rNeg    . . .      Spirit   .   b - +0 leather armour
rPois   .          Reflect  .   (no helmet)
rElec   .          Harm     .   (no cloak)
rCorr   .          Rampage  .   (no gloves)
Will    .....                   (no boots)
Stlth   ++........              (no amulet)
HPRegen 0.06/turn               (no ring)
MPRegen 0.07/turn               (no ring)

@: no status effects
A: no striking features
a: no special abilities


You were on level 3 of the Dungeon.
You visited 1 branch of the dungeon, and saw 3 of its levels.

Inventory:

Hand Weapons
 a - a +0 hand axe (weapon)
Armour
 b - a +0 leather armour (worn)
Wands
 g - a wand of digging (3)
Scrolls
 c - a scroll of fog
 h - a scroll of identify {unknown}
Potions
 f - a potion of haste
 i - a potion of degeneration {unknown}


   Skills:
 + Level 3.1 Fighting
 - Level 1.7 Axes
 + Level 0.6 Armour
 + Level 2.0 Dodging
 - Level 4.5 Stealth


You couldn't memorise any spells.
You didn't know any spells.
Your spell library was empty.

Dungeon Overview and Level Annotations

Branches:
Dungeon (5/15)             Temple (0/1) D:5

Altars:


Message History

A quokka comes into view.
The goblin hits you with a +0 dagger.
There is a stone staircase leading down here.
You barely miss the goblin. The goblin hits you with a +0 dagger.
You are too injured to fight recklessly!
You are too injured to fight recklessly!
You are too injured to fight recklessly!
You are too injured to fight recklessly!
You are too injured to fight recklessly!
You are too injured to fight recklessly!
You are too injured to fight recklessly!
You are too injured to fight recklessly!
You are too injured to fight recklessly!
You are too injured to fight recklessly!
You are too injured to fight recklessly!
You are too injured to fight recklessly!
You are too injured to fight recklessly!
You are too injured to fight recklessly!
You are too injured to fight recklessly!
You are too injured to fight recklessly!
You are too injured to fight recklessly!
You are too injured to fight recklessly!
You are too injured to fight recklessly!
You are too injured to fight recklessly!
You are too injured to fight recklessly!
You are too injured to fight recklessly!
You are too injured to fight recklessly!
You are too injured to fight recklessly!
You are too injured to fight recklessly!
You closely miss the goblin. The goblin hits you with a +0 dagger.
You slash the goblin!
You kill the goblin!
You miss the quokka. The quokka misses you.
You barely miss the quokka. The quokka closely misses you.
You hit the quokka.
The quokka is severely wounded.
The quokka bites you.
* * * LOW HITPOINT WARNING * * *
The quokka bites you.
You die...

#####..
####......
#†....#
#..@).#
#...r....#
#...>.#..#
#..(.......
########...
.# #


You could see a quokka.

Vanquished Creatures
  An adder zombie (D:5)
  A goblin (D:3)
  A hobgoblin (D:4)
  A bat (D:3)
4 creatures vanquished.

Notes
Turn   | Place    | Note
-------+----------+-------------------------------------------
     0 | D:5      | flotson the Demonspawn Delver began the quest for the Orb.
     0 | D:5      | Reached XP level 1. HP: 18/18 MP: 1/1
    38 | D:5      | Noticed an orc priest
    79 | D:4      | Noticed a hound
    91 | D:3      | Slain by a quokka

Illustrated notes

Levels and vault maps discovered:
D:3:      layout_loops_cross, uniq_crazy_yiuf_cottage
D:4:      layout_loops_ring, hangedman_glass_teeth, grunt_decor_junction
D:5:      layout_gridville, minmay_temple_entry_slanted, serial_shops, shop,
          minmay_misc_feat_x

Skill      XL: |  1 |
---------------+----+-----
Dodging        | 2 |  2.0
Fighting       | |  3.1
Axes           | |  1.7
Armour         | |  0.6
Stealth        | |  4.5

Action                   || total
-------------------------++-------
Melee: Hand axe          ||    16
  Use: Scroll            ||     2
 Stab: Sleeping          ||     2
Dodge: Dodged            ||    11

Table legend: (Time is in decaauts)
 A = Elapsed time spent in this place.
 B = Non-inter-level travel time spent in this place.
 C = Inter-level travel time spent in this place.
 D = Time resting spent in this place.
 E = Time spent auto-exploring this place.
 F = Levels seen in this place.
 G = Mean time per level.
                   A        B        C        D        E       F      G
               +--------+--------+--------+--------+--------+-----+--------+
         Total |     93 |     93 |      0 |      0 |     26 |   3 |   31.0 |
       Dungeon |     93 |     93 |      0 |      0 |     26 |   3 |   31.0 |
               +--------+--------+--------+--------+--------+-----+--------+

Top non-repeatable levels by time:
     D:5: 71 daAuts
     D:4: 12 daAuts
     D:3: 10 daAuts
